 Dungeon Crawl Stone Soup version 0.30.1-9-gdf580d7c3d (webtiles) character file.

Game seed: 11075453314443714669

4787 Wiggles the Cleaver (level 10, -2/88 HPs)
             Began as a Minotaur Berserker on Oct 20, 2023.
             Was an Elder of Trog.
             Engulfed by a fire crab (glowing shapeshifter)'s flame (23 damage)
             ... in a bailey.
             The game lasted 00:13:25 (6792 turns).

Wiggles the Cleaver (Minotaur Berserker)            Turns: 6792, Time: 00:13:25

Health: -2/88      AC: 19    Str: 26    XL:     10   Next: 24%
Magic:  9/9        EV:  7    Int:  4    God:    Trog [****..]
Gold:   222        SH:  9    Dex: 10    Spells: 9/9 levels left

rFire   . . .        m - +3 war axe (chaos)
rCold   . . .        j - +0 kite shield
rNeg    . . .        A - +2 plate armour
rPois   .            (helmet restricted)
rElec   .            h - +2 cloak
rCorr   .            (no gloves)
SInv    .            (no boots)
Will    .....        e - amulet of regeneration Stlth
                     (no ring)
HPRegen 1.14/turn    (no ring)
MPRegen 0.11/turn

%: no passive effects
@: no status effects
A: horns 2, retaliatory headbutt
a: Renounce Religion, Berserk, Trog's Hand, Brothers in Arms


You were in a bailey.
You worshipped Trog.
Trog was greatly pleased with you.
You visited 1 branch of the dungeon, and saw 9 of its levels.
You also visited: Bailey.

You collected 597 gold pieces.
You spent 375 gold pieces at shops.

Inventory:

Hand Weapons
 m - a +3 war axe of chaos (weapon)
Armour
 h - a +2 cloak (worn)
 j - a +0 kite shield (worn)
 q - a scarf of resistance
 A - a +2 plate armour (worn)
Jewellery
 c - a ring of ice
 e - an amulet of regeneration (around neck)
 F - a ring of ice
Wands
 B - a wand of flame (19)
 C - a wand of quicksilver (6)
 H - a wand of iceblast (12)
Scrolls
 a - 2 scrolls of poison
 b - 4 scrolls of amnesia
 d - 2 scrolls of vulnerability
 i - 3 scrolls of teleportation
 l - a scroll of fog
 s - a scroll of fear
 G - a scroll of brand weapon
Potions
 f - 5 potions of curing
 g - a potion of resistance {unknown}
 k - 2 potions of mutation
 n - 5 potions of heal wounds
 p - 2 potions of lignification
 r - 2 potions of attraction
 t - 2 potions of magic
 u - a potion of ambrosia {unknown}
 v - 3 potions of flight
 z - a potion of invisibility {unknown}
 D - 2 potions of might
 E - a potion of brilliance {unknown}


   Skills:
 + Level 8.2 Fighting
 + Level 12.4 Axes
 + Level 8.0 Armour
 + Level 3.2 Dodging
 + Level 2.1 Stealth
 + Level 7.0 Shields


You had 9 spell levels left.
You didn't know any spells.
Your spell library was empty.

Dungeon Overview and Level Annotations

Branches:
Dungeon (9/15)             Temple (0/1) D:7          Bailey (1/1)
   Lair: D:8-11         Orc: D:9-12

Altars:
Dithmenos
Fedhas
Zin

Shops:
D:1 (   D:4 (   D:9 !

Annotations:
D:9 3 transporters


Innate Abilities, Weirdness & Mutations

You have a pair of horns on your head.
You reflexively headbutt those who attack you in melee.


Message History

You slash the swamp dragon! You freeze the swamp dragon.
Your headbutt misses the swamp dragon.
The swamp dragon is heavily wounded.
The swamp dragon changes into a fire crab!
You barely miss the fire crab. You slash the fire crab!
You headbutt the fire crab.
The fire crab is moderately wounded.
The fire crab barely misses you.
The fire crab claws you but does no damage.
The fire crab bites you!
You are engulfed in flames!
The fire crab claws you.
You are engulfed in flames!
Things that are here:
a +4 hand axe; a +0 leather armour You slash the fire crab!
You headbutt the fire crab.
The fire crab is severely wounded.
The fire crab breathes flames at you.
The blast of flame engulfs you but does no damage.
You hit the fire crab but do no damage. You headbutt the fire crab!
The fire crab is severely wounded.
You are engulfed in blazing flames.
You block the fire crab's attack.
The fire crab claws you but does no damage.
You hit the fire crab.
The fire crab resists with almost no effort.
The fire crab is almost dead.
You are engulfed in blazing flames.
The fire crab breathes flames at you.
The blast of flame engulfs you but does no damage.
You barely miss the fire crab.
The fire crab is almost dead.
You are engulfed in blazing flames.
* * * LOW HITPOINT WARNING * * *
The fire crab breathes flames at you.
The blast of flame engulfs you but does no damage.
The fire crab attacks as you move away!
The fire crab bites you but does no damage.
The fire crab claws you but does no damage.
The fire crab breathes flames at you.
The blast of flame engulfs you but does no damage.
You are engulfed in blazing flames.
You die...

♣♣♣♣ ### ♣♣..♣♣♣
###.#+#
♣.....♣♣###.....###
♣♣......##.........##
♣.......#....○○○○...#
♣♣.......'.....○°○...#
♣...∩.∩..'.....○@○...#
♣♣.......'.....)t....#
♣........#...........#
♣♣.......##.........##
♣♣....♣♣♣###.....###
♣...♣♣ ###.#+# ♣♣♣♣♣
###


You could see a fire crab shaped shifter.

Vanquished Creatures
  Erica (D:8)
  Maurice (D:8)
  The ghost of Kazon the Shield-Bearer, a novice GrFi of Okawaru (D:5)
  3 yaks (D:9)
  2 steam dragons
  Duvessa (D:7)
  4 water moccasins
  An acid dragon (D:8)
  An ice beast (D:8)
  2 centaurs
  2 phantoms
  A kobold brigand (D:7)
  2 bullfrogs
  3 scorpions (D:5)
  4 wights (D:8)
  Dowan (D:7)
  A howler monkey (D:6)
  A jelly (D:6)
  2 orc priests
  5 hounds
  3 iguanas
  Crazy Yiuf (D:5)
  5 orc wizards
  2 sleepcaps
  9 adders
  7 gnolls
  A white imp (D:7)
  An ufetubus (D:6)
  5 worms
  6 dart slugs
  23 orcs
  8 endoplasms
  5 giant cockroaches
  5 hobgoblins
  2 jackals (D:2)
  6 quokkas
  3 ball pythons
  5 bats
  6 frilled lizards
  8 goblins
  14 kobolds
  5 rats
169 creatures vanquished.

Vanquished Creatures (collateral kills)
  A shadow (D:9)
  An acid dragon (D:9)
  An orc warrior (D:9)
  A kobold brigand (D:9)
  2 orcs (D:9)
  3 kobolds (D:9)
9 creatures vanquished.

Vanquished Creatures (others)
  A wight (D:8)
1 creature vanquished.

Grand Total: 179 creatures vanquished

Notes
Turn   | Place    | Note
-------+----------+-------------------------------------------
     0 | D:1      | Wiggles the Minotaur Berserker began the quest for the Orb.
     0 | D:1      | Reached XP level 1. HP: 19/19 MP: 0/0
    59 | D:1      | Found Cikhybat's Antique Weapon Shop.
    89 | D:1      | Reached XP level 2. HP: 27/27 MP: 1/1
    93 | D:1      | Reached skill level 4 in Axes
   548 | D:2      | Found a glowing silver altar of Zin.
   594 | D:2      | Reached ** piety under Trog
   595 | D:2      | Reached XP level 3. HP: 33/33 MP: 2/2
   636 | D:2      | Reached skill level 1 in Shields
   819 | D:2      | Reached XP level 4. HP: 40/40 MP: 3/3
  1072 | D:2      | Reached skill level 5 in Axes
  1548 | D:3      | Reached *** piety under Trog
  1549 | D:3      | Reached XP level 5. HP: 47/47 MP: 4/4
  2239 | D:4      | Reached skill level 5 in Fighting
  2518 | D:4      | Reached skill level 6 in Axes
  2529 | D:4      | Reached XP level 6. HP: 56/56 MP: 5/5
  2756 | D:4      | Found Virueb Into's Weapon Shop.
  2992 | D:5      | Entered Level 5 of the Dungeon
  3148 | D:5      | Found a large runed translucent door.
  3148 | D:5      | Found a large runed translucent door.
  3151 | D:5      | Noticed Kazon's ghost (novice GrFi)
  3156 | D:5      | Reached XP level 7. HP: 61/61 MP: 6/6
  3166 | D:5      | Killed Kazon's ghost
  3167 | D:5      | Reached skill level 7 in Axes
  3285 | D:5      | Found a blossoming altar of Fedhas.
  3343 | D:5      | Reached skill level 8 in Axes
  3376 | D:5      | Reached skill level 5 in Armour
  3381 | D:5      | Reached XP level 8. HP: 46/70 MP: 7/7
  3705 | D:5      | Found a runed translucent door.
  3706 | D:5      | Noticed Crazy Yiuf
  3713 | D:5      | Killed Crazy Yiuf
  4103 | D:6      | Reached skill level 9 in Axes
  4189 | D:6      | Reached skill level 1 in Stealth
  4279 | D:6      | Reached skill level 5 in Shields
  4460 | D:6      | Reached **** piety under Trog
  4609 | D:6      | Reached skill level 10 in Axes
  4889 | D:7      | Reached XP level 9. HP: 75/78 MP: 8/8
  4959 | D:7      | Found a staircase to the Ecumenical Temple.
  4984 | D:7      | Noticed Duvessa
  4984 | D:7      | Noticed Dowan
  4994 | D:7      | Killed Duvessa
  4998 | D:7      | Killed Dowan
  5950 | D:8      | Reached skill level 11 in Axes
  5951 | D:8      | Noticed Erica
  5959 | D:8      | Killed Erica
  6043 | D:8      | Noticed Maurice
  6076 | D:8      | Killed Maurice
  6077 | D:8      | Reached skill level 12 in Axes
  6177 | D:8      | Found a shadowy altar of Dithmenos.
  6510 | D:9      | Reached XP level 10. HP: 86/88 MP: 9/9
  6519 | D:9      | Found a transporter.
  6627 | D:9      | Found a transporter.
  6629 | D:9      | Found a transporter.
  6697 | D:9      | Found Ishoez's Distillery.
  6705 | D:9      | Bought a potion of heal wounds for 75 gold pieces
  6705 | D:9      | Bought 2 potions of heal wounds for 150 gold pieces
  6705 | D:9      | Bought 2 potions of heal wounds for 150 gold pieces
  6745 | D:9      | Found a flagged portal.
  6762 | Bailey   | Entered a bailey
  6779 | Bailey   | an orc changed into a glowing shapeshifter
  6779 | Bailey   | Noticed a glowing shapeshifter (glowing shapeshifter)
  6779 | Bailey   | a glowing shapeshifter changed into an eye of devastation
  6779 | Bailey   | Noticed an eye of devastation (glowing shapeshifter)
  6780 | Bailey   | an eye of devastation changed into a swamp dragon
  6780 | Bailey   | Noticed a swamp dragon (glowing shapeshifter)
  6783 | Bailey   | a swamp dragon changed into a fire crab
  6783 | Bailey   | Noticed a fire crab (glowing shapeshifter)
  6792 | Bailey   | Engulfed by a fire crab (glowing shapeshifter)'s flame

Illustrated notes

Levels and vault maps discovered:
D:1:      giann_forest_graveyard, layout_rooms, serial_shops,
          nicolae_shop_behind_doors
D:2:      layout_loops_cross, basic_altar, nrook_mini_vaults
D:3:      layout_loops_ring, amcnicky_mini_rare_corridor_liquid, minmay_bisected
D:4:      minmay_door_path, layout_loops_ring, serial_shops,
          nicolae_shop_pleasant_corner_grove
D:5:      layout_loops_ring, fedhas_altar_1, ebering_ghost_disaster_area,
          uniq_crazy_yiuf_cottage
D:6:      layout_loops_ring
D:7:      layout_layer_cave, temple_fountains, serial_bayou_crossing,
          uniq_duvessa
D:8:      layout_basic, amcnicky_altar_gilded, serial_rivers,
          chequers_serial_rivers_marsh, chequers_serial_rivers_large_a,
          chequers_serial_rivers_small_b, chequers_serial_rivers_micro_b,
          chequers_serial_rivers_small_3, chequers_serial_rivers_micro_e,
          uniq_maurice, uniq_erica
D:9:      layout_rooms, mainiacjoe_overflow_boulevard, enter_bailey_2,
          serial_shops, shop, corexii_leaking_fountain, serial_nicolae_subway,
          nicolae_sub_station_stone, nicolae_sub_station_metal,
          nicolae_sub_station_crystal
Bailey:   bailey_axe_minmay_hex_keep, bailey

Skill      XL: |  1  2  3  4  5  6  7  8  9 10 |
---------------+-------------------------------+-----
Axes           | 4 5 6 8 10 12 | 12.4
Fighting       | 4 5 6 7 8 |  8.2
Shields        | 1 2 3 4 5 6 7 |  7.0
Armour         | 3 4 5 6 7 8 |  8.0
Dodging        | 3 |  3.2
Stealth        | 1 2 |  2.1

Action                     |  1- 3 |  4- 6 |  7- 9 | 10-12 || total
---------------------------+-------+-------+-------+-------++-------
  Melee: Hand axe          |    41 |       |       |       ||    41
         Headbutt          |     9 |     9 |    26 |     7 ||    51
         War axe           |    36 |    99 |   196 |    31 ||   362
 Invoke: Berserk           |       |     3 |     3 |       ||     6
         Brothers in Arms  |       |       |       |     1 ||     1
    Use: Scroll            |       |       |    25 |       ||    25
   Stab: Confused          |       |       |     1 |       ||     1
 Armour: Animal skin       |     1 |       |       |       ||     1
         Ring mail         |    16 |    14 |       |       ||    30
         Leather armour    |     1 |       |       |       ||     1
         Scale mail        |       |    10 |       |       ||    10
         Plate armour      |       |    11 |    92 |    21 ||   124
  Dodge: Dodged            |    37 |    29 |    43 |     7 ||   116
  Block: Kite shield       |    27 |    35 |    75 |    17 ||   154
